AoeStats
← ANGELSK3956

Nomad

510577286Analyzed
3v3 RM · 1d ago on Oct 1, 2026· 51m 53s· 6 players
Game mode
Random Map
Map size
210×210
Population
200
Speed
Normal
Resources
Standard
Victory
Conquest
Starting age
Dark Age
Ending age
Imperial Age
RankedLock teamsTeams togetherTeam positionsShared explorationLock speedFull tech treeHidden civsTurbo modeCheats
Victory
Defeat
🇮🇳 Danes · India
1248
+15
🇮🇳 Vietnamese · India
1215
+17
🇮🇳 Malay · India
1213
+17
🇺🇸 Maya · United States
1243
-17
🇩🇪 Saracens · Germany
1221
-16
🇦🇷 Franks · Argentina
1218
-16
VISTOYCONSI | Tafirol
4:42 Loom
16:47 Feudal Age
20:29 Castle Age
19:08 Forging
20:06 Fletching
25:08 Bodkin Arrow
Maverick8564
4:50 Loom
13:39 Feudal Age
15:23 Town Watch
17:49 Castle Age
16:44 Double-Bit Axe
16:58 Fishing Lines
18:16 Fletching
18:04 Crossbowman
20:42 Forging
20:39 Bodkin Arrow
21:06 Thumb Ring
23:24 Gillnets
28:44 Padded Archer Armor
29:58 Horse Collar
30:35 Bow Saw
39:34 Wheelbarrow
40:11 Town Watch
41:22 Squires
41:08 Arson
40:43 Eagle Warrior
41:25 Scale Mail Armor
41:25 Padded Archer Armor
41:35 Forging
42:35 Chain Mail Armor
43:56 Iron Casting
44:18 Hand Cart
44:34 Man-at-Arms
45:18 Long Swordsman
47:33 Heavy Plow
47:50 Pikeman
LithuanianKittyLord
11:45 Loom
14:17 Feudal Age
19:30 Castle Age
18:50 Wheelbarrow
22:39 Double-Bit Axe
35:34 Imperial Age
34:17 Horse Collar
36:14 Bloodlines
36:05 Husbandry
36:41 Conscription
36:32 Elite Mameluke
40:06 Bow Saw
42:02 Medium Warships
49:06 Hoardings
49:12 Counterweights
ANGELSK3956
7:04 Loom
15:57 Feudal Age
17:19 Fishing Lines
21:13 Castle Age
20:08 Stone Mining
20:05 Double-Bit Axe
20:02 Horse Collar
23:23 Wheelbarrow
23:20 Medium Warships
23:03 Gillnets
26:29 Fletching
27:43 Bodkin Arrow
29:51 Town Watch
31:25 Hand Cart
31:32 Bow Saw
31:56 Gold Mining
32:42 Stone Shaft Mining
32:59 Horse Collar
38:13 Imperial Age
36:29 Scale Barding Armor
36:34 Forging
36:30 Husbandry
36:40 Bloodlines
39:18 Chain Barding Armor
39:33 Iron Casting
41:14 Elite Rattan Archer
46:40 Bracer
46:41 Padded Archer Armor
47:50 Ballistics
48:30 Chemistry
48:56 Paper Money
49:47 Leather Archer Armor
50:56 Two-Man Saw
50:55 Town Patrol
Sythe
13:06 Loom
15:28 Feudal Age
16:58 Fishing Lines
19:43 Castle Age
18:31 Fishing Lines
19:41 Fletching
33:16 Gillnets
34:14 Double-Bit Axe
39:24 Imperial Age
38:41 Husbandry
38:30 Elite Battle Elephant
40:12 Forging
40:08 Scale Barding Armor
40:13 Squires
39:58 Arson
39:34 Man-at-Arms
43:36 Iron Casting
46:33 Blast Furnace
47:58 Padded Archer Armor
49:04 Forced Levy
50:47 Elite Skirmisher
52:17 Bodkin Arrow
52:37 Leather Archer Armor
TigerOfThanjai
15:05 Feudal Age
19:37 Castle Age
17:35 Arson
18:16 Double-Bit Axe
18:35 Scale Mail Armor
18:34 Fishing Lines
20:37 Forging
21:00 Gold Mining
21:03 Stone Mining
22:08 Gambesons
22:34 Loom
23:29 Chain Mail Armor
23:43 Squires
25:02 Iron Casting
26:25 Wheelbarrow
26:37 Fletching
26:45 Town Watch
32:38 Horse Collar
34:51 Hamask
38:05 Gillnets
42:42 Imperial Age
42:45 Gold Shaft Mining
44:01 Elite Jomsviking
46:11 Plate Mail Armor
46:47 Conscription
48:02 Blast Furnace
48:01 Bodkin Arrow
48:07 Padded Archer Armor
48:59 Elite Skirmisher
50:32 Bracer
51:00 Masonry
Connection lost

Rejoining the realm…

Still unreachable

The connection could not be restored.

Session expired

The server has moved on; the page needs a fresh start.